Map: Selva profunda EE

Players

marcopa

  • Race: Protoss Protoss
  • Spawn Location: 7:00

koilhak

  • Race: Terran Terran
  • Spawn Location: 7:00

Farrgid

  • Race: Zerg Zerg
  • Spawn Location: 7:00

MrFercho - Winner!

  • Race: Zerg Zerg
  • League: Gold
  • Spawn Location: 1:00

tigro - Winner!

  • Race: Terran Terran
  • League: Bronze
  • Spawn Location: 1:00

TATORREA - Winner!

  • Race: Protoss Protoss
  • League: Gold
  • Spawn Location: 3:00

VOD

Have the link to the VOD?

Description

Time

  • Played on: July 23, 2020, 9:13 p.m.
  • Length: 8:10
Show
View Real Time Build Order
Export as new Build Order

marcopa Protoss 

Build Orders:  

Get SALT Encoding   

  12  0:01  Probe  
  13  0:13  Probe  
  14  0:20  Pylon  
  14  0:25  Probe  
  15  0:40  Gateway  
  15  0:49  Pylon  
  15  0:56  Assimilator  
  15  1:09  Probe  
  16  1:21  Probe  
  17  1:31  Cybernetics Core  
  17  1:33  Probe  
  18  1:50  Probe  
  19  2:20  Stargate  
  19  2:24  Probe  
  20  2:35  Assimilator  
  20  2:37  Probe  
  21  2:46  Pylon  
  21  2:54  Robotics Facility  
  21  3:01  Probe  
  22  3:11  Nexus  
  22  3:13  Probe  
  23  3:26  Void Ray  
  27  3:32  Probe  
  28  3:49  Pylon  
  28  3:51  Observer  
  29  4:11  Stargate  
  29  4:20  Assimilator  
  29  4:24  Assimilator  
  29  4:28  Probe  
  30  4:34  Void Ray  
  34  4:41  Probe  
  35  4:48  Observer  
  36  4:53  Probe  
  37  5:05  Probe  
  38  5:17  Probe  
  38  5:20  Void Ray  
  43  5:27  Void Ray  
  47  5:29  Probe  
  47  5:32  Pylon  
  48  5:41  Probe  
  49  5:53  Probe  
  50  6:05  Probe  
  51  6:17  Probe  
  29  7:04  Void Ray  
  29  7:06  Void Ray  
Show
View Real Time Build Order
Export as new Build Order

koilhak Terran 

Build Orders: 2 Factory, Mech 

Get SALT Encoding   

  12  0:05  SCV  
  13  0:17  SCV  
  14  0:28  Supply Depot  
  14  0:29  SCV  
  15  0:37  Supply Depot  
  15  0:49  SCV  
  16  0:54  Barracks  
  16  1:06  Supply Depot  
  16  1:09  SCV  
  17  1:20  Refinery  
  17  1:21  SCV  
  17  1:24  Refinery  
  18  1:33  SCV  
  19  1:44  Bunker  
  19  1:45  SCV  
  19  1:46  Marine  
  21  1:58  SCV  
  22  2:03  Marine  
  23  2:10  SCV  
  24  2:20  Factory  
  24  2:21  Marine  
  25  2:24  SCV  
  26  2:36  SCV  
  27  2:48  Factory  
  27  2:57  Factory, SCV  
  28  3:05  Factory Tech Lab  
  28  3:10  Supply Depot  
  28  3:16  Orbital Command  
  28  3:41  Supply Depot, Siege Tank  
  31  3:42  Factory Tech Lab  
  31  3:43  Starport  
  31  3:47  Factory Tech Lab  
  31  4:08  Siege Tank  
  34  4:12  Supply Depot, Engineering Bay  
  34  4:32  Siege Tank  
  37  4:46  Starport Reactor  
  37  5:13  Command Center  
  37  5:25  Siege Tank  
  37  5:26  Siege Tank  
  19  6:38  Siege Tank  
  19  6:39  Siege Tank  
  23  6:40  Siege Tank  
  26  6:52  Viking  
Show
View Real Time Build Order
Export as new Build Order

Farrgid Zerg 

Build Orders: Hatch First 

Get SALT Encoding   

  12  0:01  Drone  
  13  0:08  Drone  
  14  0:17  Overlord  
  14  0:35  Drone x2  
  14  0:36  Drone  
  18  0:50  Drone  
  18  1:02  Drone  
  19  1:05  Hatchery  
  19  1:06  Extractor  
  17  1:19  Spawning Pool  
  16  1:28  Drone x2  
  18  1:55  Drone x2  
  20  2:14  Roach Warren  
  19  2:21  Lair  
  19  2:22  Queen  
  21  2:26  Drone  
  21  2:29  Overlord  
  22  2:30  Overlord  
  22  2:35  Extractor, Drone  
  23  2:44  Drone  
  23  2:47  Drone x2  
  25  3:07  Spine Crawler  
  24  3:13  Spore Crawler  
  24  3:14  Drone  
  24  3:18  Queen  
  26  3:25  Hydralisk Den  
  25  3:30  Drone  
  25  3:31  Drone  
  27  3:39  Overseer  
  27  3:43  Overlord  
  27  3:59  Spire  
  27  4:02  Drone x2  
  28  4:07  Drone x4  
  28  4:08  Drone x2  
  34  4:11  Overlord  
  34  4:24  Infestation Pit  
  33  4:27  Drone  
  34  4:39  Extractor  
  34  4:42  Extractor, Drone x4  
  36  5:02  Drone  
  36  5:03  Drone  
  36  5:04  Drone  
  39  5:10  Drone x2  
  41  5:18  Hive  
  41  5:26  Corruptor x2  
  45  5:30  Drone x5  
  45  5:31  Drone  
  51  5:43  Hatchery  
  50  5:56  Corruptor x2  
  54  6:15  Queen  
  56  6:23  Roach x3  
  58  6:26  Roach  
  49  6:33  Roach x4  
  49  6:38  Roach  
  49  6:39  Roach x4  
  59  6:45  Roach  
  59  6:49  Roach  
  24  7:03  Roach  
  10  7:24  Drone x3  
  11  7:46  Zergling x2  
Show
View Real Time Build Order
Export as new Build Order

MrFercho Zerg - Winner!

Build Orders: Hatch First 

Get SALT Encoding   

  12  0:02  Drone  
  13  0:13  Overlord  
  13  0:18  Drone  
  14  0:32  Drone x2  
  16  0:52  Drone  
  16  0:56  Drone  
  18  0:59  Hatchery  
  17  1:07  Drone  
  17  1:10  Extractor, Drone  
  18  1:20  Spawning Pool  
  18  1:24  Drone  
  18  1:38  Drone  
  19  1:50  Drone  
  20  2:04  Overlord  
  20  2:10  Queen  
  20  2:11  Metabolic Boost  
  20  2:14  Zergling x4  
  20  2:15  Zergling x2  
  25  2:20  Queen  
  25  2:22  Drone  
  28  2:23  Drone  
  29  2:33  Drone  
  29  2:34  Drone  
  31  2:43  Drone  
  33  2:44  Drone  
  33  2:54  Drone  
  33  2:55  Drone  
  35  3:06  Drone  
  35  3:07  Overlord  
  36  3:25  Queen  
  38  3:30  Drone x6  
  44  3:42  Overlord  
  44  3:43  Overlord x2  
  44  3:44  Overlord  
  44  4:05  Zergling x12  
  50  4:11  Drone  
  50  4:12  Hatchery  
  50  4:32  Zergling x16  
  58  4:50  Zergling x12  
  64  4:59  Overlord  
  64  5:25  Drone x4  
  64  5:26  Drone x5  
  75  5:48  Lair  
  75  5:49  Zergling x4  
  75  5:50  Zergling x20  
  85  6:09  Zergling x10  
  88  6:20  Zergling x2  
  81  6:34  Zergling x12  
  81  6:35  Zergling x4  
  82  6:59  Zergling x16  
  82  7:00  Zergling x2  
  89  7:13  Overlord x6  
  88  7:32  Zergling x2  
  88  7:33  Zergling x12  
Show
View Real Time Build Order
Export as new Build Order

tigro Terran - Winner!

Build Orders:  

Get SALT Encoding   

  12  0:13  SCV  
  13  0:17  Supply Depot  
  13  0:25  SCV  
  14  0:38  SCV  
  15  0:47  Barracks  
  15  0:49  Refinery  
  15  0:50  SCV  
  15  0:56  Refinery  
  16  1:02  SCV  
  17  1:14  SCV  
  18  1:26  SCV  
  19  1:35  Marine  
  19  1:38  SCV  
  21  1:50  SCV  
  21  1:53  Marine  
  23  1:59  Factory  
  23  2:14  Orbital Command  
  23  2:17  Supply Depot  
  23  2:38  Marine  
  24  2:45  Factory Tech Lab  
  24  2:47  Engineering Bay  
  24  2:50  SCV  
  25  2:56  Marine  
  26  3:02  SCV  
  27  3:05  Starport  
  27  3:13  Marine  
  27  3:14  SCV  
  29  3:23  Barracks  
  29  3:31  Marine  
  30  3:49  Marine, Siege Tank  
  34  3:55  Starport Tech Lab  
  34  4:05  Armory  
  35  4:21  Siege Tank  
  37  4:24  Barracks Tech Lab  
  37  4:26  Barracks Reactor  
  37  4:44  Combat Shield  
  37  4:47  Medivac  
  37  4:50  Terran Infantry Weapons Level 1  
  37  4:51  Command Center  
  39  4:53  Marine  
  40  5:11  Marine  
  40  5:13  Marine  
  40  5:14  Marine  
  43  5:28  Marine  
  43  5:31  Marine  
  43  5:32  Marine  
  46  5:43  Refinery  
  46  5:46  Marine  
  47  6:03  Stimpack  
  47  6:05  Refinery  
  44  6:53  Marine x3  
  40  7:11  Marine x3  
  41  7:28  Marine  
  41  7:29  Marine x2  
  42  7:46  Marine  
  42  7:47  Marine x2  
Show
View Real Time Build Order
Export as new Build Order

TATORREA Protoss - Winner!

Build Orders: 1 Gate Expand 

Get SALT Encoding   

  12  0:02  Probe  
  13  0:17  Probe  
  14  0:29  Pylon, Probe  
  15  0:47  Probe  
  16  0:51  Gateway  
  16  0:59  Probe  
  16  1:04  Assimilator  
  17  1:06  Pylon  
  17  1:07  Probe  
  17  1:15  Probe  
  19  1:26  Probe  
  20  1:38  Probe  
  21  1:44  Nexus  
  21  1:51  Cybernetics Core  
  21  2:06  Probe  
  21  2:08  Assimilator  
  22  2:11  Pylon, Zealot  
  24  2:21  Probe  
  25  2:28  Warp Gate  
  25  2:33  Probe  
  26  2:41  Zealot  
  28  2:45  Probe  
  29  2:53  Gateway  
  29  2:56  Gateway  
  29  2:57  Probe x2  
  31  3:09  Probe, Zealot  
  31  3:10  Probe  
  35  3:19  Pylon  
  35  3:21  Probe  
  35  3:22  Probe  
  37  3:33  Probe  
  38  3:35  Twilight Council, Probe  
  39  3:42  Zealot  
  39  3:45  Probe  
  39  3:47  Probe  
  43  3:53  Charge  
  43  3:58  Probe  
  43  3:59  Gateway, Probe  
  45  4:09  Assimilator  
  45  4:10  Probe  
  45  4:11  Assimilator, Probe  
  47  4:18  Zealot  
  47  4:20  Zealot  
  47  4:22  Probe  
  47  4:23  Probe, Zealot  
  55  4:34  Probe  
  55  4:35  Probe  
  57  4:44  Zealot x2  
  61  4:53  Pylon  
  61  4:56  Pylon  
  61  5:00  Pylon, Templar Archives  
  61  5:04  Probe  
  62  5:12  Zealot x3  
  62  5:13  Zealot  
  70  5:22  Robotics Facility  
  70  5:33  Zealot x3  
  70  5:34  Zealot  
  78  6:01  Zealot x3  
  78  6:02  Zealot  
  84  6:41  Zealot  
  86  6:51  Pylon  
  86  6:55  Pylon  
  86  6:57  Pylon  
  86  7:00  Pylon  
  86  7:03  Pylon  
  84  7:20  Zealot x4  
  92  7:23  Warp Prism  
Tags
 
Add a new tag
Caveats
  • Supply blocks, unpowered buildings, or Contaminate may cause inaccurate times.
  • Supply counts are checked every 10 seconds.